Map: Ice and Chrome LE

Players

INnoVation

  • Race: Terran Terran
  • League: Master
  • Spawn Location: 1:00

Solar - Winner!

  • Race: Zerg Zerg
  • League: Master
  • Spawn Location: 7:00

Event: StayAtHomestory Cup #2

VOD

Have the link to the VOD?

Description

Time

  • Played on: June 13, 2020, 3:15 p.m.
  • Length: 20:27

All games in this series

Show
View Real Time Build Order
Export as new Build Order

INnoVation Terran 

Build Orders: Reaper Expand, Hellion Banshee 

Get SALT Encoding   

  12  0:00  SCV  
  13  0:12  SCV  
  14  0:17  Supply Depot  
  14  0:24  SCV  
  15  0:38  SCV  
  15  0:40  Barracks  
  15  0:42  Refinery  
  16  0:50  SCV  
  17  1:02  SCV  
  18  1:14  SCV  
  19  1:26  Orbital Command, Reaper  
  20  1:39  Command Center  
  20  1:50  Supply Depot  
  20  1:52  SCV  
  21  1:58  Marine  
  22  2:04  SCV  
  22  2:07  Factory  
  23  2:16  SCV, Marine  
  23  2:18  Refinery  
  25  2:28  SCV  
  26  2:35  Barracks Reactor  
  26  2:40  SCV  
  27  2:50  Orbital Command  
  27  2:53  SCV, Starport  
  28  3:05  SCV  
  29  3:08  Command Center  
  29  3:16  SCV  
  29  3:17  SCV  
  31  3:23  Hellion  
  31  3:24  Hellion  
  35  3:30  Starport Tech Lab  
  35  3:32  SCV x2  
  37  3:44  Supply Depot  
  37  3:48  SCV x2  
  39  3:49  Banshee  
  39  3:50  Cloaking Field  
  39  3:51  Barracks Tech Lab  
  39  3:55  Hellion x2  
  46  4:06  SCV x2  
  47  4:10  Stimpack  
  47  4:16  Hellion x2  
  51  4:18  SCV x2  
  51  4:21  Orbital Command  
  53  4:28  Supply Depot  
  53  4:30  SCV x2  
  55  4:32  Banshee  
  58  4:42  SCV x2  
  58  4:45  Barracks  
  60  4:48  Factory Reactor, SCV  
  60  4:49  Barracks  
  61  4:54  SCV x2  
  61  4:57  Engineering Bay x2  
  61  4:58  Supply Depot  
  63  5:00  Refinery  
  63  5:04  SCV, Refinery  
  63  5:06  SCV x2, Marine  
  67  5:10  Supply Depot  
  67  5:16  SCV  
  67  5:18  SCV x2  
  70  5:23  Starport Reactor  
  70  5:24  Terran Infantry Armor Level 1, Terran Infantry Weapons Level 1  
  70  5:25  Marine  
  71  5:29  Barracks  
  71  5:31  SCV, Orbital Command  
  71  5:32  SCV  
  71  5:34  Barracks  
  73  5:37  Marine  
  73  5:39  Marine  
  73  5:42  Siege Tank  
  78  5:43  Marine x3  
  78  5:45  SCV  
  78  5:47  SCV  
  83  5:55  Supply Depot  
  83  5:57  SCV x2, Supply Depot  
  83  5:59  SCV  
  86  6:04  Marine  
  86  6:05  Marine x3  
  86  6:11  SCV x3  
  93  6:12  Medivac  
  93  6:17  Siege Tank, Barracks Reactor, Medivac  
  97  6:25  Barracks Reactor  
  97  6:30  Marine x4  
  95  6:33  SCV x3  
  95  6:35  Marine  
  95  6:37  Armory  
  95  6:39  Supply Depot  
  93  6:42  Combat Shield  
  93  6:45  SCV x2  
  93  6:46  SCV  
  96  6:48  Marine x3, Refinery x2  
  96  6:52  Siege Tank  
  102  6:56  Medivac  
  102  6:57  Marine  
  102  6:58  Marine x2, Medivac  
  102  7:00  Marine  
  110  7:02  Supply Depot  
  110  7:06  Supply Depot  
  110  7:09  SCV x3  
  110  7:11  Marine  
  110  7:12  Marine x4  
  117  7:16  Marine x3  
  117  7:18  Marine  
  106  7:24  Missile Turret  
  106  7:25  Missile Turret  
  106  7:26  Missile Turret  
  106  7:28  Factory  
  106  7:29  Terran Infantry Weapons Level 2  
  103  7:33  Marine x5  
  103  7:34  Marine x3  
  103  7:36  Marine  
  112  7:38  Terran Infantry Armor Level 2  
  112  7:40  Supply Depot  
  109  7:52  Thor  
  109  7:58  Command Center  
  115  8:00  Marine x9  
  115  8:05  Medivac  
  126  8:06  Medivac  
  126  8:07  Missile Turret  
  128  8:13  Supply Depot  
  128  8:15  Factory Reactor  
  128  8:17  Marine  
  128  8:18  Drilling Claws, Marine  
  129  8:23  Barracks  
  129  8:24  Barracks x2, Terran Vehicle And Ship Armor Level 1  
  129  8:29  Marine  
  129  8:30  Marine x5, Concussive Shells, Marauder  
  137  8:35  SCV x2, Marine  
  137  8:36  SCV  
  137  8:37  Supply Depot  
  137  8:38  Supply Depot  
  141  8:43  Thor  
  147  8:48  Medivac  
  147  8:51  Supply Depot  
  147  8:52  Supply Depot  
  149  8:58  Medivac  
  149  9:01  Widow Mine x2, Supply Depot x2  
  154  9:03  Marine x8  
  154  9:09  Marauder  
  161  9:19  SCV x3  
  161  9:21  Marine  
  161  9:22  Marine, Barracks Tech Lab x3  
  161  9:23  Marine x6  
  172  9:30  Marauder, Thor  
  180  9:38  Marine, Widow Mine x2, Planetary Fortress  
  184  9:40  Marine x2  
  187  9:49  Marauder x3, Marine, Supply Depot  
  187  9:51  Marauder  
  196  9:55  Missile Turret  
  196  9:56  Missile Turret  
  196  10:06  Terran Infantry Armor Level 3, Terran Infantry Weapons Level 3  
  196  10:07  Widow Mine x2  
  196  10:14  Marine  
  199  10:29  Command Center  
  182  10:36  Command Center, Sensor Tower  
  182  10:37  Marauder x3  
  182  10:38  Thor  
  182  10:39  Marine  
  184  10:43  Widow Mine x2  
  184  10:44  Marine  
  184  10:46  Marine  
  184  10:47  Marine x2  
  184  10:49  Medivac  
  194  10:51  Medivac  
  178  11:04  Marauder x4  
  178  11:07  Marine  
  179  11:19  Medivac  
  179  11:20  Medivac  
  189  11:25  Marine, Marauder x2  
  189  11:26  Marine x4, Marauder  
  189  11:32  Command Center  
  194  11:36  Widow Mine x2, Thor  
  196  11:48  Marine, Marauder x2  
  196  11:49  Medivac  
  196  11:50  Medivac  
  194  11:54  SCV x3  
  194  11:55  SCV  
  180  12:06  Marine x7, Marauder x2  
  180  12:07  Widow Mine x2  
  179  12:09  Marauder  
  179  12:10  SCV x4  
  179  12:18  Thor  
  179  12:19  Medivac  
  179  12:20  Medivac  
  179  12:21  Marauder  
  191  12:24  Planetary Fortress  
  191  12:26  Marine x3  
  191  12:27  Marauder x2  
  198  12:30  Marauder  
  200  12:39  Widow Mine  
  200  12:40  Widow Mine  
  200  12:43  Marauder  
  198  12:52  Marauder  
  193  13:00  Widow Mine  
  193  13:01  Widow Mine  
  193  13:02  Marine, Marauder  
  200  13:10  Barracks x2  
  188  13:15  Barracks  
  188  13:16  Medivac x2  
  188  13:19  Marine x6, Marauder x3  
  199  13:21  Missile Turret  
  199  13:23  Missile Turret, SCV  
  199  13:24  Command Center  
  192  13:31  Widow Mine, Thor  
  200  13:39  Marine x5, Marauder  
  200  13:41  Marauder x3  
  166  13:45  Medivac  
  166  13:46  Medivac  
  166  13:47  SCV  
  166  13:48  SCV x2  
  145  13:56  Widow Mine x2  
  145  13:58  Marine  
  145  14:00  Marauder  
  145  14:02  Marauder x3  
  150  14:05  Marine x7  
  150  14:06  Barracks Tech Lab x2  
  150  14:07  Barracks Tech Lab  
  151  14:12  SCV x3  
  151  14:15  Medivac  
  151  14:16  Medivac  
  158  14:18  Marine  
  158  14:22  Marauder  
  158  14:23  Marine x7, Marauder x2  
  158  14:24  Marauder  
  180  14:25  Widow Mine x2  
  180  14:30  Widow Mine  
  180  14:43  Marauder x4  
  180  14:45  Marauder  
  189  14:46  Widow Mine  
  189  14:47  Widow Mine, Medivac  
  189  14:48  Medivac  
  189  14:50  SCV x4  
  196  14:53  Marauder  
  196  14:54  Marauder  
  194  15:09  Widow Mine x3  
  194  15:11  Marine x4, Marauder x5  
  195  15:15  Marauder x2  
  195  15:18  Marine  
  187  15:32  Marauder x3  
  187  15:33  Command Center  
  185  15:38  Marauder  
  185  15:39  Marine, Marauder x3  
  184  15:43  Medivac x2  
  184  15:45  SCV x2, Planetary Fortress  
  184  15:47  SCV x2  
  190  15:53  Marauder  
  165  15:58  Widow Mine x2  
  165  15:59  Marine x5, Marauder x2  
  165  16:00  Marauder x4  
  165  16:02  Command Center, Widow Mine  
  166  16:13  Marine, Medivac x2  
  166  16:15  Marauder  
  167  16:19  Widow Mine x2  
  167  16:20  Marauder x2  
  167  16:21  Marauder  
  167  16:22  Marauder  
  176  16:29  Missile Turret  
  170  16:33  SCV x4  
  170  16:36  Marine x3, Marauder x3  
  170  16:37  Marine, Widow Mine  
  186  16:40  Widow Mine  
  186  16:41  Marine x2  
  186  16:45  SCV x2  
  190  16:48  Medivac x2  
  190  16:52  Orbital Command  
  190  16:53  Widow Mine, Marauder  
  190  16:54  Marauder  
  200  17:06  Command Center  
  200  17:10  Marauder x2  
  200  17:13  Marine  
  200  17:14  Marine x6  
  199  17:20  Widow Mine  
  199  17:21  Widow Mine  
  199  17:22  SCV x3  
  198  17:30  SCV  
  198  17:34  Command Center  
  197  17:38  Command Center  
  197  17:40  Marauder  
  198  17:49  Marauder  
  198  17:50  Marine, Marauder x4  
  198  17:51  Marine x2  
  185  17:58  Medivac  
  185  17:59  Widow Mine x2  
  185  18:03  Marine x2, Medivac  
  185  18:04  Marine  
  168  18:19  Planetary Fortress, Marauder  
  141  18:21  Marine x13  
  141  18:25  SCV x2  
  156  18:27  Widow Mine  
  156  18:29  Widow Mine  
  156  18:32  Widow Mine  
  163  18:34  SCV  
  163  18:36  SCV, Marine  
  163  18:37  SCV  
  163  18:39  Marauder  
  168  18:44  Marauder  
  168  18:45  Marine, Medivac  
  173  18:49  Widow Mine  
  173  18:50  Widow Mine  
  173  18:55  Medivac  
  173  19:02  Marauder x3  
  154  19:04  Marine  
  154  19:09  Widow Mine  
  133  19:10  Widow Mine  
  133  19:11  Widow Mine  
  133  19:14  Marine, Marauder  
  133  19:15  Marine x6, Marauder x3  
  139  19:17  Medivac  
  139  19:22  Marine  
  139  19:23  Marine x3  
  130  19:25  Medivac  
  130  19:31  Widow Mine  
  133  19:32  Marine  
  133  19:33  SCV x3  
  133  19:36  Marauder x3  
  143  19:40  Marine x2, Marauder  
  143  19:41  Marauder x3  
  153  19:49  Marine x5  
  158  19:57  Marauder x2  
  158  19:58  Marauder  
  132  20:00  Marine  
  132  20:01  Marine, Marauder  
  132  20:02  Marauder  
  132  20:03  Marauder x2  
  123  20:11  Refinery x2  
Show
View Real Time Build Order
Export as new Build Order

Solar Zerg - Winner!

Build Orders: Hatch First, Muta Ling Bane 

Get SALT Encoding   

  12  0:02  Drone  
  13  0:12  Overlord  
  13  0:16  Drone  
  14  0:31  Drone x2  
  16  0:47  Hatchery  
  15  0:51  Drone  
  15  0:54  Drone  
  17  0:58  Drone  
  18  1:09  Extractor  
  17  1:13  Spawning Pool  
  17  1:16  Drone  
  17  1:20  Drone  
  18  1:28  Drone  
  19  1:41  Drone  
  20  1:53  Overlord  
  20  2:00  Queen x2  
  20  2:01  Zergling x4  
  26  2:11  Drone x2  
  28  2:20  Metabolic Boost  
  28  2:27  Hatchery  
  27  2:31  Drone  
  27  2:33  Drone  
  27  2:36  Drone  
  29  2:43  Queen  
  31  2:47  Overlord  
  31  2:53  Drone x2  
  31  2:56  Drone  
  31  2:57  Drone  
  35  3:09  Drone x4  
  35  3:11  Drone  
  40  3:18  Overlord  
  40  3:19  Queen  
  42  3:22  Drone  
  43  3:31  Overlord  
  43  3:38  Drone x2  
  43  3:40  Queen  
  43  3:41  Drone  
  48  3:44  Drone  
  48  3:47  Zergling x2  
  50  3:51  Drone  
  50  3:52  Drone x2, Zergling x2  
  50  3:53  Zergling x2  
  55  3:58  Queen  
  55  3:59  Overlord  
  55  4:01  Lair  
  57  4:05  Overlord  
  57  4:08  Overlord  
  57  4:17  Extractor, Drone, Spore Crawler  
  57  4:18  Drone x2  
  57  4:19  Drone  
  57  4:20  Extractor, Drone  
  57  4:21  Drone  
  57  4:23  Overlord  
  60  4:26  Zergling x2  
  60  4:28  Drone x3  
  60  4:29  Drone  
  65  4:35  Baneling Nest  
  65  4:37  Drone, Spore Crawler  
  64  4:40  Zergling x4, Spore Crawler  
  64  4:43  Drone x2  
  64  4:45  Drone  
  68  4:46  Drone  
  68  4:47  Drone  
  68  4:49  Drone  
  68  4:52  Drone x2  
  73  4:56  Drone  
  73  4:57  Drone  
  73  4:58  Drone x2  
  77  5:01  Overseer  
  77  5:02  Overlord  
  77  5:05  Drone  
  78  5:13  Spire  
  77  5:15  Drone  
  77  5:16  Drone x2  
  77  5:17  Drone  
  77  5:18  Zergling x6  
  77  5:21  Extractor x2, Overlord  
  82  5:22  Extractor  
  82  5:23  Zergling x2  
  82  5:25  Drone x2  
  84  5:28  Centrifical Hooks  
  84  5:34  Drone x2  
  84  5:35  Evolution Chamber x2  
  85  5:38  Drone x3  
  85  5:39  Drone  
  85  5:41  Overlord  
  88  5:46  Zergling x6  
  88  5:48  Overlord  
  91  5:50  Zergling x2  
  91  5:54  Drone x3  
  91  5:55  Drone  
  96  6:00  Zergling x8  
  100  6:07  Overlord  
  100  6:11  Overlord  
  96  6:30  Mutalisk x8  
  96  6:31  Zergling x8  
  111  6:34  Zergling x2  
  111  6:37  Hatchery  
  109  6:40  Zergling x4  
  109  6:45  Zerg Ground Armor Level 1  
  109  6:46  Zerg Melee Weapons Level 1  
  111  6:48  Zergling x4  
  111  6:51  Overlord  
  113  6:55  Overlord  
  113  6:57  Baneling x9  
  113  6:58  Drone  
  113  6:59  Drone  
  115  7:05  Zerg Flyer Weapons Level 1  
  115  7:06  Zergling x2  
  115  7:07  Overlord  
  116  7:13  Drone x3  
  116  7:14  Drone  
  120  7:19  Mutalisk  
  120  7:20  Mutalisk  
  120  7:22  Mutalisk  
  119  7:23  Drone  
  119  7:24  Drone  
  119  7:26  Drone x2  
  119  7:28  Drone  
  124  7:36  Overlord  
  124  7:39  Pneumatized Carapace, Mutalisk x2  
  127  7:44  Extractor  
  127  7:45  Queen  
  127  7:48  Drone  
  127  7:49  Zergling x20  
  137  7:54  Queen  
  137  7:57  Drone x2  
  137  7:58  Hatchery  
  140  8:00  Overseer  
  140  8:04  Drone x2  
  142  8:05  Mutalisk x2  
  142  8:09  Drone  
  142  8:10  Overlord  
  142  8:12  Drone  
  148  8:13  Infestation Pit  
  148  8:14  Mutalisk x2  
  148  8:18  Drone x3  
  151  8:21  Drone, Overlord  
  151  8:23  Zergling x6  
  151  8:26  Zergling x4  
  157  8:37  Hatchery  
  157  8:38  Drone x2  
  157  8:39  Zergling x2  
  157  8:40  Zergling x8  
  163  8:43  Zerg Ground Armor Level 2, Zerg Melee Weapons Level 2  
  163  8:45  Zergling x2  
  163  8:46  Zergling x4  
  163  8:47  Baneling x5  
  163  8:48  Baneling  
  166  8:54  Mutalisk x2  
  169  8:56  Zergling x4  
  169  9:02  Mutalisk  
  171  9:03  Overlord  
  171  9:08  Zergling x2  
  171  9:09  Zergling x20  
  182  9:13  Mutalisk x2  
  182  9:14  Mutalisk  
  187  9:22  Hive  
  187  9:24  Zergling x8  
  187  9:25  Zergling x2  
  187  9:28  Zergling x4  
  194  9:36  Zergling x12  
  194  9:38  Baneling x9  
  200  9:43  Zerg Flyer Weapons Level 2  
  200  9:50  Hatchery  
  198  9:53  Zergling x2  
  198  9:55  Baneling  
  198  9:56  Baneling x9  
  199  10:06  Burrow  
  192  10:15  Zergling x18  
  185  10:38  Zergling x38  
  185  10:42  Adrenal Glands  
  188  10:43  Ultralisk Cavern  
  188  10:46  Zergling x16  
  188  10:48  Baneling x3  
  188  10:49  Zergling x4  
  197  10:51  Overlord  
  197  10:53  Baneling x3  
  197  10:54  Baneling  
  194  11:02  Zergling x10  
  175  11:06  Zergling x2  
  175  11:07  Zergling x4  
  175  11:10  Zergling x10  
  177  11:15  Baneling x4  
  177  11:17  Zergling x26  
  190  11:20  Zergling x2  
  190  11:25  Zerg Melee Weapons Level 3, Zerg Ground Armor Level 3  
  190  11:26  Overseer  
  190  11:29  Zergling x12  
  196  11:34  Zergling x4  
  189  11:43  Chitinous Plating, Zergling x18  
  189  11:44  Zergling x2  
  198  11:52  Zergling x8  
  194  11:58  Ultralisk  
  189  12:03  Ultralisk x2, Zergling x4  
  198  12:12  Zergling x2  
  199  12:19  Baneling x3  
  199  12:20  Baneling x13  
  199  12:24  Baneling x8  
  199  12:29  Zergling x2, Hatchery, Spore Crawler  
  199  12:30  Zergling x4  
  196  12:41  Zergling x16  
  199  12:46  Zergling x2  
  200  12:55  Baneling x13  
  200  12:56  Overlord, Baneling x4  
  200  12:58  Overlord  
  201  13:01  Hatchery  
  201  13:02  Anabolic Synthesis  
  190  13:07  Zergling x20  
  190  13:17  Ultralisk, Zergling x6  
  199  13:24  Zergling x6  
  199  13:25  Zergling x4  
  198  13:28  Zergling x2  
  199  13:38  Ultralisk x2, Zergling x12  
  199  13:39  Hatchery  
  191  13:42  Zergling x18  
  191  13:46  Zergling x2  
  195  13:49  Zerg Flyer Weapons Level 3  
  195  13:51  Zergling x10  
  197  14:02  Zergling x24  
  179  14:05  Zergling x2  
  179  14:07  Zergling x4  
  175  14:13  Drone x3  
  175  14:14  Drone x2  
  180  14:21  Baneling x14  
  180  14:22  Baneling x6  
  180  14:23  Ultralisk x2, Zergling x14  
  199  14:33  Baneling x10  
  199  14:44  Overseer  
  199  14:55  Zergling x6  
  199  15:00  Hatchery  
  189  15:10  Baneling x4  
  189  15:11  Zergling x34  
  198  15:15  Zergling x2  
  198  15:21  Zergling x2  
  199  15:26  Zergling x8  
  196  15:30  Baneling x14  
  196  15:31  Zergling x2  
  196  15:32  Zergling x8  
  189  15:36  Ultralisk, Zergling x8  
  198  15:51  Zergling x4  
  198  15:56  Zergling x8  
  198  15:57  Zergling x22  
  199  15:59  Zergling x6  
  195  16:08  Zergling x28  
  195  16:09  Hatchery  
  194  16:18  Zergling x10  
  194  16:23  Ultralisk x2, Zergling x4  
  200  16:28  Baneling x6  
  200  16:45  Baneling x15  
  199  16:48  Baneling x4  
  199  16:50  Zergling x2  
  199  16:54  Baneling x8  
  200  17:15  Zergling x34  
  200  17:19  Ultralisk  
  200  17:20  Zergling x6  
  199  17:35  Zergling x10  
  199  17:38  Baneling x22  
  197  17:46  Zergling x10  
  197  17:48  Baneling x4  
  197  17:50  Zergling x8  
  200  17:52  Zergling x2  
  200  17:53  Zergling x10  
  200  17:58  Zergling x12  
  200  18:05  Zergling x4  
  199  18:12  Corruptor x6  
  176  18:13  Corruptor x3  
  176  18:15  Zergling x18  
  178  18:20  Zergling x10  
  178  18:21  Baneling x2  
  178  18:22  Baneling, Overseer  
  178  18:23  Overseer  
  178  18:25  Ultralisk x2, Zergling x8  
  199  18:41  Baneling x4  
  199  18:44  Zergling x2  
  198  19:02  Zergling x52  
  198  19:03  Zergling x2  
  178  19:16  Ultralisk x2, Zergling x10  
  187  19:21  Zergling x4  
  180  19:25  Zergling x18  
  180  19:29  Extractor x2  
  180  19:31  Extractor  
  186  19:32  Extractor, Baneling  
  186  19:33  Baneling x11  
  186  19:35  Zergling x18  
  194  19:42  Baneling x2, Spore Crawler  
  194  19:45  Baneling  
  193  19:46  Zergling x8  
  193  19:47  Zergling x6  
  198  19:55  Zergling x4  
  198  19:59  Zergling x18  
Tags
 
Add a new tag
Caveats
  • Supply blocks, unpowered buildings, or Contaminate may cause inaccurate times.
  • Supply counts are checked every 10 seconds.